 Dungeon Crawl Stone Soup version 0.30-a0-760-g5a9884bb7c (webtiles) character file.

Game seed: 518690325002137914

34 iguanaiguana the Sneak (level 3, 0/22 HPs)
             Began as a Deep Elf Fighter on Feb 11, 2023.
             Succumbed to an adder's poison
             ... on level 2 of the Dungeon.
             The game lasted 00:07:21 (1266 turns).

iguanaiguana the Sneak (Deep Elf Fighter)           Turns: 1266, Time: 00:07:22

Health: 0/22       AC:  6    Str: 13    XL:     3   Next: 14%
Magic:  5/5        EV:  8    Int: 14    God:
Gold:   43         SH:  4    Dex: 14    Spells: 2/2 levels left

rFire   . . .      SeeInvis .    e - +0 whip (elec)
rCold   . . .      Faith    .    c - +0 buckler
rNeg    . . .      Spirit   .    b - +0 scale mail
rPois   .          Reflect  .    (no helmet)
rElec   .          Harm     .    (no cloak)
rCorr   .          Rampage  .    (no gloves)
Will    .....                    (no boots)
Stlth   +                        (no amulet)
HPRegen 0.23/turn                (no ring)
MPRegen 0.09/turn                (no ring)

@: mighty, lethally poisoned (0 -> -6)
A: talons 1
a: no special abilities


You were on level 2 of the Dungeon.
You visited 1 branch of the dungeon, and saw 2 of its levels.

You collected 43 gold pieces.

Inventory:

Hand Weapons
 e - a +0 whip of electrocution (weapon)
 l - a +0 rapier
Missiles
 k - 6 stones (quivered)
Armour
 b - a +0 scale mail (worn)
 c - a +0 buckler (worn)
Magical Staves
 j - a staff of conjuration
Scrolls
 i - a scroll of fog {unknown}
Potions
 a - a potion of mutation
 g - a potion of flight
 h - a potion of brilliance
 m - a potion of attraction


   Skills:
 - Level 2.6 Fighting
 - Level 2.0 Short Blades
 - Level 2.4 Armour
 + Level 3.5 Stealth
 - Level 2.4 Shields


You had 2 spell levels left.
You didn't know any spells.
Your spell library was empty.

Dungeon Overview and Level Annotations

Branches:
Dungeon (2/15) Zot: 10719

Altars:

Annotations:
D:2 exclusion: adder


Innate Abilities, Weirdness & Mutations

You have sharp toenails.


Message History

You throw a stone. The stone barely misses the adder.
You closely miss the adder. Your kick misses the adder. You hit the adder.
Your kick misses the adder.
The adder is moderately wounded.
The adder bites you.
You are poisoned.
The adder poisons you!
You feel very mighty all of a sudden. The adder bites you.
You are more poisoned.
The adder poisons you!
You closely miss the adder. You claw the adder.
The adder is severely wounded.
You feel very sick. The adder bites you.
* * * LOW HITPOINT WARNING * * *
You miss the adder. Your kick misses the adder.
The adder is severely wounded.
The adder bites you.
* * * LOW HITPOINT WARNING * * *
You are lethally poisoned!
The adder poisons you!
Okay, then.
Okay, then.
Okay, then.
Okay, then.
You barely miss the adder. Your kick misses the adder.
The adder is severely wounded.
* * * LOW HITPOINT WARNING * * *
You feel very sick.
You closely miss the adder.
The adder is severely wounded.
* * * LOW HITPOINT WARNING * * *
You feel very sick.
You barely miss the adder.
The adder is severely wounded.
* * * LOW HITPOINT WARNING * * *
You whack the adder!
You kill the adder!
You die...

... ........###.#.
#.# .#.####.....#.
#.# #.####.######
#.# #............
#.##.####....#####
#.##.............
#.#######...#.###
#.#.............#
#@#..........##.#
######†#..........#
...
#..................#
#.
#........###########
#........#
#........####
............#
....##♣'♣##...# ..♣♣
.... ♣.#


There were no monsters in sight!

Vanquished Creatures
  An adder (D:2)
  2 endoplasms
  6 giant cockroaches
  4 goblins (D:1)
  2 hobgoblins (D:1)
  6 kobolds
  2 quokkas (D:1)
  3 ball pythons (D:1)
  A bat (D:1)
  3 frilled lizards
  4 rats
34 creatures vanquished.

Notes
Turn   | Place    | Note
-------+----------+-------------------------------------------
     0 | D:1      | iguanaiguana the Deep Elf Fighter began the quest for the
                  | Orb.
     0 | D:1      | Reached XP level 1. HP: 13/13 MP: 3/3
   145 | D:1      | Reached skill level 1 in Stealth
   186 | D:1      | Reached XP level 2. HP: 18/18 MP: 4/4
   249 | D:1      | Reached skill level 2 in Stealth
   483 | D:1      | Reached skill level 3 in Stealth
   850 | D:1      | Reached XP level 3. HP: 22/22 MP: 5/5
  1145 | D:2      | Gained mutation: You have sharp toenails. [potion of
                  | mutation]
  1265 | D:2      | HP: 1/22 [poisoned by an adder]
  1266 | D:2      | Succumbed to an adder's poison

Illustrated notes

Levels and vault maps discovered:
D:1:      lightli_arrival_statue_moat, layout_basic,
          minmay_misc_feat_four_crosses
D:2:      layout_basic, serial_glass, glass_columns_a, glass_columns_a,
          dilly_ecumenical_altar_fadedgnrine

Skill      XL: |  1  2 |
---------------+-------+-----
Stealth        | 1 3 |  3.5
Fighting       | |  2.6
Short Blades   | |  2.0
Armour         | |  2.4
Shields        | |  2.4

Action                     || total
---------------------------++-------
  Melee: Whip              ||   116
         Kick              ||     3
  Throw: Stone             ||     1
    Use: Scroll            ||     3
         Potion            ||     2
 Armour: Scale mail        ||    50
  Dodge: Dodged            ||    55
  Block: Buckler           ||    20

Table legend: (Time is in decaauts)
 A = Elapsed time spent in this place.
 B = Non-inter-level travel time spent in this place.
 C = Inter-level travel time spent in this place.
 D = Time resting spent in this place.
 E = Time spent auto-exploring this place.
 F = Levels seen in this place.
 G = Mean time per level.
                   A        B        C        D        E       F      G
               +--------+--------+--------+--------+--------+-----+--------+
         Total |   1281 |   1059 |    222 |     49 |    486 |   2 |  640.5 |
       Dungeon |   1281 |   1059 |    222 |     49 |    486 |   2 |  640.5 |
               +--------+--------+--------+--------+--------+-----+--------+

Top non-repeatable levels by time:
     D:1: 1051 daAuts
     D:2: 229 daAuts
